 Dungeon Crawl Stone Soup version 0.19-a0-49-gb8736b8 (webtiles) character file.

59 M4edhros the Grave Robber (level 4, 0/27 HPs)
             Began as an Octopode Necromancer on May 6, 2016.
             Slain by a worker ant (5 damage)
             ... on level 4 of the Dungeon.
             The game lasted 00:02:17 (443 turns).

M4edhros the Grave Robber (Octopode Necromancer)     Turns: 443, Time: 00:02:19

Health: 0/27       AC:  1    Str:  7    XL:     4   Next: 3%
Magic:  0/7        EV: 12    Int: 17    God:
Gold:   66         SH:  0    Dex: 13    Spells: 3 memorised, 2 levels left

rFire  . . .     SeeInvis .       - Unarmed
rCold  . . .     Gourm    .     (no shield)
rNeg   . . .     Faith    .     (helmet restricted)
rPois  .         Spirit   +     i - amulet of guardian spirit
rElec  .         Dismiss  .     (no ring)
rCorr  .         Reflect  .     (no ring)
SustAt .         Harm     .     (no ring)
MR     .....                    (no ring)
Stlth  +++.......               (no ring)
                                (no ring)
                                (no ring)
                                (no ring)

@: lethally poisoned (0 -> -8), not resistant to hostile enchantments, fairly
stealthy
A: almost no armour, amphibious, 8 rings, constrict 8, camouflage 1, gelatinous
body 1
a: no special abilities


You were on level 4 of the Dungeon.
You were not hungry.

You visited 1 branch of the dungeon, and saw 4 of its levels.

You collected 66 gold pieces.

Inventory:

Jewellery
 i - an amulet of guardian spirit (around mantle)
Scrolls
 e - a scroll of recharging {unknown}
 f - 2 scrolls of identify {unknown}
 g - 3 scrolls of enchant armour {unknown}
 h - a scroll of immolation {unknown}
Potions
 c - a potion of heal wounds {unknown}
 k - a potion of curing
Books
 a - a book of Necromancy

   Spells                             Type                      Level
   a - Pain                           Necromancy                   1
   b - Animate Skeleton               Necromancy                   1
   c - Vampiric Draining              Necromancy                   3
   d - Regeneration                   Charms/Necromancy            3
   e - Animate Dead                   Necromancy                   4
   f - Control Undead                 Necromancy                   4
Comestibles
 b - 2 bread rations
 d - a meat ration
 j - 2 chunks of flesh


   Skills:
 - Level 2.0 Dodging
 - Level 2.6 Stealth
 + Level 3.5 Unarmed Combat
 - Level 2.0 Spellcasting
 - Level 4.0 Necromancy


You had 2 spell levels left.
You knew the following spells:

 Your Spells              Type           Power        Failure   Level  Hunger
a - Pain                  Necr           ###.         3%          1    #......
b - Animate Skeleton      Necr           N/A          3%          1    #......
r - Regeneration          Chrm/Necr      #.........   24%         3    ###....


Dungeon Overview and Level Annotations

Branches:
Dungeon (4/15)
 Temple: D:4-7

Altars:


Innate Abilities, Weirdness & Mutations

You cannot wear most types of armour.
You are amphibious.
You can wear up to eight rings at the same time.
You can use your tentacles to constrict eight enemies at once.
Your skin changes colour to match your surroundings (Stealth).
Your rubbery body absorbs attacks (AC +1).


Message History

The worker ant misses you.
You tentacle-slap the worker ant but do no damage.
The worker ant is moderately wounded.
You constrict the worker ant. The worker ant bites you.
You tentacle-slap the worker ant.
The worker ant is heavily wounded.
You constrict the worker ant. The worker ant barely misses you.
You tentacle-slap the worker ant but do no damage.
The worker ant is heavily wounded.
You constrict the worker ant. The worker ant bites you.
* * * LOW HITPOINT WARNING * * *
You are poisoned.
The worker ant poisons you!
You tentacle-slap the worker ant.
The worker ant is severely wounded.
Your skin stops crawling.
You constrict the worker ant.
* * * LOW HITPOINT WARNING * * *
You feel sick. The worker ant bites you.
You die...

##########
#$........#
#...........
##......)....
...........> ...
#a..........
....##@..........
......)...........
......#.........#
......#.........#
.......#.........#
.......(#.........#
.....#.......#######
..............#
................#


You could see a worker ant.

Vanquished Creatures
  A crimson imp (D:3)
  An adder (D:3)
  2 worms
  A dart slug (D:2)
  A giant gecko (D:2)
  A giant cockroach (D:1)
  A goblin (D:2)
  A quokka (D:3)
  3 giant newts
  2 kobolds
14 creatures vanquished.

Notes
Turn   | Place    | Note
--------------------------------------------------------------
     0 | D:1      | M4edhros the Octopode Necromancer began the quest for the Orb.
     0 | D:1      | Reached XP level 1. HP: 11/11 MP: 3/3
   137 | D:2      | Reached skill level 1 in Unarmed Combat
   148 | D:2      | Reached XP level 2. HP: 8/17 MP: 5/5
   184 | D:2      | Learned a level 1 spell: Animate Skeleton
   267 | D:4      | Noticed a crimson imp
   293 | D:3      | Killed a crimson imp
   293 | D:3      | Reached XP level 3. HP: 8/21 MP: 4/6
   298 | D:3      | Learned a level 3 spell: Regeneration
   408 | D:4      | Reached XP level 4. HP: 22/27 MP: 0/7
   443 | D:4      | Slain by a worker ant

Vault maps used:
D:1:      dpeg_arrival_water_temple_mockup
D:2:      grunt_temple_overflow_open, first_bread, grunt_ministairs_9,
          kennysheep_pointless_box
D:4:      nicolae_overflow_hidden_temple

Skill      XL: |  1  2 |
---------------+-------+-----
Unarmed Combat | 1 3 |  3.5
Dodging        | |  2.0
Stealth        | |  2.6
Spellcasting   | |  2.0
Necromancy     | |  4.0

Action                   |  1- 3 |  4- 6 || total
-------------------------+-------+-------++-------
Melee: Unarmed           |    32 |    10 ||    42
       Constrict         |     6 |     1 ||     7
       Tentacles         |     8 |       ||     8
 Cast: Pain              |    12 |     1 ||    13
       Animate Skeleton  |     2 |       ||     2
       Regeneration      |     2 |     1 ||     3
  Use: Potion            |     1 |       ||     1
 Stab: Sleeping          |     2 |       ||     2
       Distracted        |     1 |       ||     1
Armor: Skin              |     1 |       ||     1
Dodge: Dodged            |    14 |     6 ||    20
